AoeStats
← IGI.The_Jenk

Arabia

510391943Analyzed
1v1 RM · 1d ago on Sep 30, 2026· 50m 33s· 2 players
Game mode
Random Map
Map size
Tiny (2 player)
Population
200
Speed
Normal
Resources
Standard
Victory
Conquest
Starting age
Dark Age
Ending age
Imperial Age
RankedLock teamsTeams togetherTeam positionsShared explorationLock speedFull tech treeHidden civsTurbo modeCheats
Victory
Defeat
🇩🇪 Varangians · Germany
1153
+16
🇬🇧 Varangians · United Kingdom
1153
-16
IGI.The_Jenk
6:20 Loom
9:00 Feudal Age
13:02 Bloodlines
20:09 Castle Age
18:22 Gold Mining
18:19 Double-Bit Axe
19:01 Scale Barding Armor
18:45 Horse Collar
21:15 Gambesons
21:55 Chain Barding Armor
23:00 Husbandry
23:55 Forging
25:21 Bow Saw
29:22 Wheelbarrow
29:24 Stone Mining
31:09 Iron Casting
34:09 Elite Skirmisher
34:56 Fletching
36:06 Heavy Plow
40:24 Imperial Age
37:27 Vendel Legacy
38:16 Bodkin Arrow
39:41 Padded Archer Armor
40:34 Ballistics
43:45 Cavalier
46:37 Chemistry
45:48 Pikeman
46:38 Murder Holes
47:25 Halberdier
48:22 Scale Mail Armor
49:39 Two-Man Saw
50:46 Chemistry
Schwarz_97
6:01 Loom
9:33 Feudal Age
11:36 Double-Bit Axe
11:34 Horse Collar
17:11 Fletching
18:02 Padded Archer Armor
24:55 Castle Age
24:43 Scale Barding Armor
24:56 Crossbowman
25:34 Bodkin Arrow
26:39 Bloodlines
29:07 Forging
29:13 Leather Archer Armor
30:32 Ballistics
32:31 Husbandry
33:53 Chain Barding Armor
34:48 Gold Mining
37:00 Iron Casting
43:07 Imperial Age
43:02 Vendel Legacy
44:33 Plate Barding Armor
43:57 Cavalier
49:29 Blast Furnace
Connection lost

Rejoining the realm…

Still unreachable

The connection could not be restored.

Session expired

The server has moved on; the page needs a fresh start.